 Dungeon Crawl Stone Soup version 0.29.1-1-gd02db6906a (webtiles) character file.

Game seed: 17917159784870006890

39 H0rd4k the Charlatan (level 3, 0/27 HPs)
             Began as a Human Artificer on Oct 13, 2022.
             Slain by a kobold
             ... wielding a +0 mace
              (7 damage)
             ... on level 2 of the Dungeon.
             The game lasted 00:02:09 (1730 turns).

H0rd4k the Charlatan (Human Artificer)              Turns: 1730, Time: 00:02:10

Health: 0/27       AC:  3    Str: 12    XL:     3   Next: 70%
Magic:  3/3        EV: 11    Int: 13    God:
Gold:   55         SH:  0    Dex: 13    Spells: 2/2 levels left

rFire   . . .      SeeInvis .   a - +0 club
rCold   . . .      Faith    .   (no shield)
rNeg    . . .      Spirit   .   b - +0 leather armour
rPois   .          Reflect  .   (no helmet)
rElec   .          Harm     .   (no cloak)
rCorr   .          Rampage  .   (no gloves)
Will    .....                   (no boots)
Stlth   +.........              (no amulet)
HPRegen 0.09/turn               (no ring)
MPRegen 0.08/turn               (no ring)

@: no status effects
A: no striking features
a: no special abilities


You were on level 2 of the Dungeon.
You visited 1 branch of the dungeon, and saw 2 of its levels.

You collected 55 gold pieces.

Inventory:

Hand Weapons
 a - a +0 club (weapon)
Missiles
 g - 7 poisoned darts
Armour
 b - a +0 leather armour (worn)
Magical Staves
 f - a staff of death
Wands
 c - a wand of flame (12) (quivered)
 d - a wand of charming (15)
 e - a wand of iceblast (3)
Scrolls
 h - 2 scrolls of teleportation {unknown}


   Skills:
 + Level 1.9 Fighting
 + Level 1.6 Maces & Flails
 - Level 2.0 Armour
 + Level 2.0 Dodging
 - Level 1.0 Stealth
 - Level 3.0 Evocations


You had 2 spell levels left.
You didn't know any spells.
Your spell library contained the following spells:

 Spells                   Type           Power      Damage    Failure   Level
 Sublimation of Blood     Necr           0%         N/A       52%         2
 Petrify                  Tmut/Erth      0%         N/A       98%         4
 Irradiate                Conj/Tmut      0%         3d11      100%        5


Dungeon Overview and Level Annotations

Branches:
Dungeon (2/15)

Altars:


Message History

a +0 dagger; a kobold corpse; a rat corpse You hit the kobold but do no damage.
The kobold misses you.
You hit the kobold.
You kill the kobold!
Things that are here:
a +0 short sword; 3 stones HP restored.
Found a stone staircase leading up.
Found a dagger.
A kobold comes into view. It is wielding a +0 mace.
The kobold shouts!
A kobold is nearby!
A kobold is nearby!
A goblin comes into view. It is wielding a +0 dagger.
The goblin shouts!
The kobold misses you. The kobold barely misses you.
The kobold barely misses you. The kobold hits you with a +0 mace.
The kobold closely misses you. The kobold attacks as you move away!
The kobold hits you with a +0 mace. The kobold barely misses you.
The kobold attacks as you move away! The kobold hits you with a +0 mace.
You hit the kobold but do no damage. The kobold completely misses you.
You hit the kobold but do no damage. The kobold misses you.
The kobold hits you with a +0 mace.
You barely miss the kobold. The kobold barely misses you.
You hit the kobold but do no damage. The kobold hits you with a +0 mace.
You barely miss the kobold. The kobold closely misses you.
You barely miss the kobold. The kobold barely misses you.
You barely miss the kobold. The kobold misses you.
The kobold hits you with a +0 mace.
* * * LOW HITPOINT WARNING * * *
You hit the kobold but do no damage. The kobold hits you with a +0 mace.
* * * LOW HITPOINT WARNING * * *
You hit the kobold but do no damage. The kobold barely misses you.
You hit the kobold but do no damage. The kobold hits you but does no damage.
You hit the kobold but do no damage. You punch the kobold, but do no damage.
The kobold hits you with a +0 mace!
You die...

#....
#........ ....
#........
##'###........
#...:.....#...
#...).........
#............#
#.....####...#
##.###### #
#gK@...#
######.# #.###
#...#
###.#####
#.....#######
#.......'....
#.....<.##...
#.......##...


You could see a goblin and a kobold.

Vanquished Creatures
  2 worms (D:2)
  3 endoplasms (D:1)
  A giant cockroach (D:2)
  4 goblins
  A hobgoblin (D:1)
  A jackal (D:2)
  3 quokkas (D:1)
  3 ball pythons
  3 bats (D:1)
  2 frilled lizards (D:1)
  3 kobolds
  6 rats
32 creatures vanquished.

Notes
Turn   | Place    | Note
-------+----------+-------------------------------------------
     0 | D:1      | H0rd4k the Human Artificer began the quest for the Orb.
     0 | D:1      | Reached XP level 1. HP: 15/15 MP: 1/1
   366 | D:1      | Reached XP level 2. HP: 10/21 MP: 2/2
  1091 | D:1      | Reached skill level 1 in Maces & Flails
  1107 | D:1      | Reached XP level 3. HP: 20/27 MP: 3/3
  1730 | D:2      | Slain by a kobold

Illustrated notes

Levels and vault maps discovered:
D:1:      giann_forest_graveyard, layout_basic
D:2:      minmay_angry_zag, layout_basic, shapermc_ecumenical_altar_petra

Skill      XL: |  1  2  3 |
---------------+----------+-----
Maces & Flails | 1 |  1.6
Dodging        | 2 |  2.0
Fighting       | |  1.9
Armour         | |  2.0
Stealth        | |  1.0
Evocations     | |  3.0

Action                   || total
-------------------------++-------
Melee: Club              ||   126
       Punch             ||     5
Evoke: Wand              ||     5
 Stab: Sleeping          ||     3
Armor: Leather armour    ||    64
Dodge: Dodged            ||   104
